 Dungeon Crawl Stone Soup version 0.28.0-45-g0d030f2227 (webtiles) character file.

Game seed: 6259612952057336931

1596 101zpm the Magician (level 9, -2/58 HPs)
             Began as a Djinni Ice Elementalist on Apr 20, 2022.
             Slain by a bullfrog (4 damage)
             ... on level 4 of the Dungeon.
             The game lasted 00:23:32 (8971 turns).

101zpm the Magician (Djinni Ice Elementalist)       Turns: 8971, Time: 00:23:33

Health: -2/58      AC:  9    Str:  7    XL:     9   Next: 15%
Gold:   235        EV: 13    Int: 21    God:
                   SH:  0    Dex: 14

rFire   + + .      SeeInvis .   v - +3 club (spect)
rCold   x . .      Faith    .   r - orb {light}
rNeg    . . .      Spirit   .   a - +0 robe
rPois   ∞          Reflect  .   l - +0 helmet
rElec   .          Harm     .   b - +0 cloak
rCorr   .          Rampage  .   x - +0 pair of gloves
Will    .....                   (boots unavailable)
Stlth   +.........              (no amulet)
HPRegen 0.19/turn               f - +4 ring of protection
MPRegen 0.00/turn               (no ring)

@: flying, glowing
A: sickness immunity, fire resistance 2, cold vulnerability 1, float, innate
caster, HP casting, extra vitality 1
a: no special abilities


You were on level 4 of the Dungeon.
You visited 2 branches of the dungeon, and saw 7 of its levels.

You collected 235 gold pieces.

Inventory:

Hand Weapons
 i - a +1 flail of protection
 v - a +3 spectral club (weapon)
 A - a +1 mace of holy wrath
Missiles
 g - 77 bolts
 j - 3 boomerangs
 u - 168 stones
Armour
 a - a +0 robe (worn)
 b - a +0 cloak (worn)
 l - a +0 helmet (worn)
 p - +0 storm dragon scales
 r - an orb of light (worn)
 x - a +0 pair of gloves (worn)
Jewellery
 c - an amulet "Tyimod" {Spirit rC- Int+3 Dex+4}
   (You found it on level 2 of the Dungeon)

   [amulet of guardian spirit]

   It causes incoming damage to be divided between your reserves of health and
   magic.
   Int:       It affects your intelligence (+3).
   Dex:       It affects your dexterity (+4).
   rC:        It makes you vulnerable to cold.
 f - a +4 ring of protection (left hand)
Scrolls
 k - a scroll of holy word
Potions
 d - 2 potions of brilliance
 e - a potion of lignification {unknown}
 m - a potion of berserk rage
 n - a potion of might {unknown}
 o - a potion of magic {unknown}
 s - 3 potions of curing {unknown}
 t - 2 potions of ambrosia {unknown}
 w - a potion of invisibility {unknown}
 z - a potion of resistance {unknown}


   Skills:
 + Level 2.1 Fighting
 + Level 3.5 Maces & Flails
 + Level 4.4 Dodging
 + Level 3.4 Stealth
 + Level 7.1 Spellcasting


You had 2 spell levels left.
You knew the following spells:

 Your Spells              Type           Power      Damage    Failure   Level
a - Freeze                Ice            100%       1d11      1%          1
b - Frozen Ramparts       Ice            74%        1d9       1%          3
c - Ozocubu's Armour      Ice            37%        N/A       1%          3
d - Hailstorm             Conj/Ice       37%        3d9       4%          4
e - Sting                 Tmut/Pois      100%       1d8       1%          1
f - Ensorcelled Hibernat  Hex/Ice        74%        N/A       1%          2
g - Poisonous Vapours     Pois/Air       74%        N/A       1%          2
h - Leda's Liquefaction   Hex/Erth       18%        N/A       4%          4
Your spell library was empty.

Dungeon Overview and Level Annotations

Branches:
Dungeon (6/15)             Temple (1/1) D:4

Altars:
Ashenzari
Cheibriados
Elyvilon
Fedhas
Gozag
Hepliaklqana
Kikubaaqudgha
Makhleb
Nemelex Xobeh
Okawaru
Qazlal
Ru
Sif Muna
Trog
Uskayaw
Vehumet
Wu Jian
Xom
Yredelemnul
Zin
The Shining One

Shops:
D:3 :==

Annotations:
D:2 1 runed translucent door, Crazy Yiuf


Innate Abilities, Weirdness & Mutations

You are immune to sickness and miasma.
You are immune to poison.
Your flesh is very heat resistant. (rF++)
You are vulnerable to cold. (rC-)
You float through the air rather than walking.
You learn spells naturally, not from books.
Your magical power is your life essence.
You have superior vitality. (+4 MHP)


Message History

The bullfrog misses you.
The bullfrog hits you but does no damage.
The bullfrog barely misses you. The bullfrog barely misses you.
The bullfrog hits you but does no damage.
The bullfrog closely misses you. The bullfrog completely misses you.
You see here a +0 dagger.
The bullfrog releases a deep croak.
The bullfrog barely misses you.
Things that are here:
a +0 club; a +0 spear The bullfrog barely misses you.
You see here a +0 broad axe.
The bullfrog hits you but does no damage.
The bullfrog hits you but does no damage.
The bullfrog hits you.
* * * LOW HITPOINT WARNING * * *
There is an open door here.
The bullfrog releases a deep croak.
The bullfrog hits you but does no damage.
The bullfrog hits you but does no damage.
The bullfrog barely misses you.
The bullfrog hits you but does no damage.
There is a stone staircase leading up here.
The bullfrog hits you.
* * * LOW HITPOINT WARNING * * *
The bullfrog hits you.
* * * LOW HITPOINT WARNING * * *
You fly upwards.
There is a stone staircase leading down here.
Aiming: Freeze (safe; 1% risk of failure)
Press: ? - help, Q - select action, (/) - cycle Shift-Dir - straight line, f - bullfrog
Aim: a bullfrog (haloed)
You freeze the bullfrog.
The bullfrog is lightly wounded.
The bullfrog seems to slow down.
* * * LOW HITPOINT WARNING * * *
The bullfrog hits you.
You die...

###...######## #.#
........)....# #.#
###...######.# #.#
...........#.# #.#
######.###.#.###.#
...# #.#.........#
...###.#####)#####
.............#####
...............F@#
...........####..#
...######...###..#
.................#
###..............#
#.......)......#
#######.#'###..#
#.[[)....# ###
####.##.##


You could see a bullfrog (slow).

Vanquished Creatures
  Edmund (D:4)
  An ice beast (D:5)
  2 sky beasts
  A necrophage (D:4)
  An ogre (D:5)
  Blork the orc (D:5)
  A bullfrog (D:6)
  2 scorpions (D:6)
  A water moccasin skeleton (D:5)
  A jelly (D:4)
  3 orc priests
  A hound (D:6)
  A centaur skeleton (D:4)
  2 gnoll shamans
  2 iguanas (D:5)
  4 orc wizards
  2 hound skeletons
  Robin (D:2)
  A howler monkey skeleton (D:6)
  5 adders
  8 gnolls
  A river rat (D:4)
  2 white imps (D:6)
  2 worms
  A dart slug (D:4)
  24 orcs
  8 ball pythons
  9 bats
  8 endoplasms
  7 giant cockroaches
  17 goblins
  7 hobgoblins
  10 jackals
  5 quokkas
  3 frilled lizards (D:1)
  5 kobolds
  8 rats
159 creatures vanquished.

Vanquished Creatures (others)
  3 fungi (D:2)
3 creatures vanquished.

Grand Total: 162 creatures vanquished

Notes
Turn   | Place    | Note
-------+----------+-------------------------------------------
     0 | D:1      | 101zpm the Djinni Ice Elementalist began the quest for the
                  | Orb.
     0 | D:1      | Reached XP level 1. HP: 15/15 MP: 0/0
    44 | D:2      | Reached XP level 2. HP: 18/21 MP: 0/0
    95 | D:2      | Identified an amulet "Tyimod" {Spirit rC- Int+3 Dex+4}
   268 | D:2      | Reached XP level 3. HP: 21/25 MP: 0/0
   268 | D:2      | Learned a level 1 spell: Sting
   580 | D:2      | Reached skill level 4 in Spellcasting
   580 | D:2      | Reached XP level 4. HP: 23/31 MP: 0/0
   587 | D:2      | Noticed Robin
   595 | D:2      | Killed Robin
   596 | D:2      | Reached XP level 5. HP: 6/35 MP: 0/0
   596 | D:2      | Learned a level 2 spell: Ensorcelled Hibernation
  1500 | D:3      | Found Xuabofu's Jewellery Emporium.
  1638 | D:3      | HP: 1/35 [quokka (2)]
  1646 | D:3      | You are sucked into a shaft and drop 1 floor!
  2009 | D:4      | Reached skill level 5 in Spellcasting
  2108 | D:4      | Reached XP level 6. HP: 37/40 MP: 0/0
  2627 | D:4      | Noticed a necrophage
  2639 | D:4      | Killed a necrophage
  2756 | D:4      | Noticed Edmund
  2767 | D:4      | Killed Edmund
  2768 | D:4      | Reached skill level 6 in Spellcasting
  2768 | D:4      | Reached XP level 7. HP: 12/45 MP: 0/0
  2768 | D:4      | Learned a level 2 spell: Poisonous Vapours
  3349 | D:4      | Found a staircase to the Ecumenical Temple.
  3543 | Temple   | Entered the Ecumenical Temple
  4204 | D:3      | Found Forysmecw's Jewellery Boutique.
  4348 | D:3      | Reached skill level 1 in Fighting
  4882 | D:3      | Found Mazuclem's Book Shoppe.
  5047 | D:1      | You are sucked into a shaft and drop 1 floor!
  5133 | D:1      | Reached skill level 1 in Maces & Flails
  5379 | D:1      | Noticed a shining eye
  5381 | D:1      | Found a faded altar of an unknown god.
  5383 | D:1      | Noticed a shining eye
  5384 | D:1      | Noticed a great orb of eyes
  5384 | D:1      | Noticed an eye of devastation
  6101 | D:2      | Found a runed translucent door.
  6102 | D:2      | Noticed Crazy Yiuf
  6437 | D:5      | Entered Level 5 of the Dungeon
  6828 | D:5      | Reached XP level 8. HP: 49/52 MP: 0/0
  7380 | D:5      | Noticed Blork the orc
  7386 | D:5      | Killed Blork the orc
  8440 | D:6      | Reached XP level 9. HP: 52/58 MP: 0/0
  8440 | D:6      | Learned a level 4 spell: Leda's Liquefaction
  8485 | D:6      | Reached skill level 7 in Spellcasting
  8969 | D:5      | HP: 2/58 [bullfrog (2)]
  8971 | D:4      | Slain by a bullfrog

Illustrated notes

Levels and vault maps discovered:
D:1:      ebering_hopf_link, layout_rooms,
          hellmonk_ecumenical_altar_watching_god,
          amcnicky_mini_rare_corridor_liquid
D:2:      layout_loops_corners, uniq_crazy_yiuf_cottage, uniq_robin
D:3:      layout_loops_ring, serial_shops, nicolae_shop_trees,
          nicolae_shop_crystal, shop, st_stairs_13
D:4:      layout_basic, lemuel_temple_firewalk_b, gup_sewer_entry_bowl,
          uniq_edmund
D:5:      layout_basic, uniq_blork_the_orc
D:6:      wander_river, layout_cave_pods, enter_ossuary_3,
          kennysheep_small_square
Temple:   mainiacjoe_temple_starburst

Skill      XL: |  1  2  3  4  5  6  7  8  9 |
---------------+----------------------------+-----
Spellcasting   | 4 5 6 7 |  7.1
Stealth        | 2 3 |  3.4
Dodging        | 3 4 |  4.4
Fighting       | 1 2 |  2.1
Maces & Flails | 2 3 |  3.5

Action                   |  1- 3 |  4- 6 |  7- 9 || total
-------------------------+-------+-------+-------++-------
Melee: Flail             |       |       |   144 ||   144
       Club              |       |       |    85 ||    85
       Punch             |       |       |     1 ||     1
 Cast: Freeze            |    19 |    20 |     8 ||    47
       Frozen Ramparts   |     1 |    28 |    18 ||    47
       Ozocubu's Armour  |     1 |     3 |     7 ||    11
       Hailstorm         |       |     1 |     2 ||     3
       Sting             |       |     3 |       ||     3
       Ensorcelled Hiber |       |     1 |     3 ||     4
       Poisonous Vapours |       |       |    17 ||    17
       Leda's Liquefacti |       |       |     2 ||     2
  Use: Scroll            |       |     1 |     3 ||     4
 Stab: Sleeping          |       |       |     8 ||     8
       Distracted        |       |       |     1 ||     1
Armor: Robe              |     4 |     6 |   117 ||   127
Dodge: Dodged            |     8 |    26 |   194 ||   228
